| TOP OF THE 1ST |
|
San Francisco Giants batting - Pitching for Pittsburgh Pirates : LHP Juan Agosto
|
|
Pitching: LHP Juan Agosto
|
|
|
Batting: LHB Kevin Christensen
|
0-0: SINGLE (Groundball, 34D, EV 110.6 MPH)
|
|
Batting: LHB Ken Griffey Sr
|
0-0: Swinging Strike 0-1: Fielders Choice at 2nd, 6-4 (Groundball, 6, EV 77.5 MPH)
|
|
Batting: LHB Keith Hernandez
|
0-0: Called Strike 0-1: Ball 1-1: Ball 2-1: Grounds out, U3 (Groundball, 3L, EV 79.4 MPH)
|
|
Batting: RHB Phil Bailey
|
0-0: Ball 1-0: Swinging Strike 1-1: Called Strike 1-2: Ball 2-2: Fly out, F7 (Flyball, 7LD, EV 108.8 MPH)
|
| Top of the 1st over - 0 runs, 1 hit, 0 errors, 1 left on base; San Francisco 0 - Pittsburgh 0 |
| BOTTOM OF THE 1ST |
|
Pittsburgh Pirates batting - Pitching for San Francisco Giants : RHP Dave Frost
|
|
Pitching: RHP Dave Frost
|
|
|
Batting: RHB Dan Gladden
|
0-0: Called Strike 0-1: Bunt missed! 0-2: SINGLE (Groundball, 4MD, EV 105.6 MPH)
|
|
Batting: SHB Chili Davis
|
0-0: Ball 1-0: Ball 2-0: Ball 3-0: Called Strike 3-1: Foul Ball, location: 2F 3-2: SINGLE (Groundball, 4D, EV 96.3 MPH) Dan Gladden to second Runner from 2nd tries for 3rd, SAFE, no throw by CF
|
|
Batting: RHB Rennie Stennett
|
0-0: Called Strike Chili Davis steals 2nd base (no throw) 0-1: Foul Ball, location: 2F 0-2: 3-RUN HOME RUN (Flyball, 7LD, EV 95.0 MPH) (Inside the Park)
|
|
Batting: LHB Robert Lopez
|
0-0: Ball 1-0: SOLO HOME RUN (Flyball, 9LD, EV 107.5 MPH), Distance : 369 ft
|
|
Batting: LHB Greg Walker
|
0-0: Swinging Strike 0-1: Foul Ball, location: 2F 0-2: Ball 1-2: Foul Ball, location: 2F 1-2: Strikes out swinging
|
|
Batting: RHB Mike C Brown
|
0-0: Ground out 3-1 (Groundball, 34S, EV 73.1 MPH)
|
|
Batting: SHB Ron Oester
|
0-0: Ground out 5-3 (Groundball, 5, EV 99.4 MPH)
|
| Bottom of the 1st over - 4 runs, 4 hits, 0 errors, 0 left on base; San Francisco 0 - Pittsburgh 4 |
| TOP OF THE 2ND |
|
San Francisco Giants batting - Pitching for Pittsburgh Pirates : LHP Juan Agosto
|
|
Batting: RHB Don Slaught
|
0-0: Ball 1-0: Called Strike 1-1: Foul Ball, location: 2F 1-2: Foul Ball, location: 2F 1-2: Foul Ball, location: 2F 1-2: SINGLE (Line Drive, 7S, EV 100.0 MPH)
|
|
Batting: RHB Kevin Howard
|
0-0: Foul Ball, location: 2F 0-1: Ball 1-1: Fly out, F8 (Flyball, 78D, EV 99.4 MPH)
|
|
Batting: SHB Tyler O'Dell
|
0-0: Ball 1-0: Ball 2-0: Ball 3-0: Called Strike 3-1: Foul Ball, location: 2F 3-2: Fly out, F8 (Flyball, 8RM, EV 72.5 MPH)
|
|
Batting: RHB Dickie Thon
|
0-0: Fly out, F9 (Line Drive, 9, EV 98.1 MPH)
|
| Top of the 2nd over - 0 runs, 1 hit, 0 errors, 1 left on base; San Francisco 0 - Pittsburgh 4 |
| BOTTOM OF THE 2ND |
|
Pittsburgh Pirates batting - Pitching for San Francisco Giants : RHP Dave Frost
|
|
Batting: LHB Terry Whitfield
|
0-0: Ball 1-0: Ball 2-0: Called Strike 2-1: Foul Ball, location: 2F 2-2: DOUBLE (Line Drive, 7LS, EV 93.8 MPH)
|
|
Batting: LHB Juan Agosto
|
0-0: Ball 1-0: Bunted foul 1-1: Sac Bunt to 23 - play at first, batter OUT! 3-4 Terry Whitfield to third
|
|
Batting: RHB Dan Gladden
|
0-0: Ball 1-0: Called Strike 1-1: Fly out, F8 (Flyball, 8LD, EV 90.6 MPH) Runner from 3rd tags up, OUT at HOME! 8-2
|
| Bottom of the 2nd over - 0 runs, 1 hit, 0 errors, 0 left on base; San Francisco 0 - Pittsburgh 4 |
| TOP OF THE 3RD |
|
San Francisco Giants batting - Pitching for Pittsburgh Pirates : LHP Juan Agosto
|
|
Batting: RHB Dave Frost
|
0-0: Ball 1-0: Called Strike 1-1: Foul Ball, location: 2F 1-2: Strikes out swinging
|
|
Batting: LHB Kevin Christensen
|
0-0: Called Strike 0-1: Fly out, F8 (Line Drive, 8LD, EV 102.5 MPH)
|
|
Batting: LHB Ken Griffey Sr
|
0-0: Called Strike 0-1: Ball 1-1: Called Strike 1-2: Foul Ball, location: 2F 1-2: Ground out 6-3 (Groundball, 4M, EV 105.0 MPH)
|
| Top of the 3rd over - 0 runs, 0 hits, 0 errors, 0 left on base; San Francisco 0 - Pittsburgh 4 |
| BOTTOM OF THE 3RD |
|
Pittsburgh Pirates batting - Pitching for San Francisco Giants : RHP Dave Frost
|
|
Batting: SHB Chili Davis
|
0-0: Called Strike 0-1: Foul Ball, location: 2F 0-2: Ball 1-2: Foul Ball, location: 2F 1-2: Strikes out swinging
|
|
Batting: RHB Rennie Stennett
|
0-0: Ball 1-0: Ball 2-0: Ball 3-0: Called Strike 3-1: Base on Balls
|
|
Batting: LHB Robert Lopez
|
0-0: Called Strike 0-1: Swinging Strike 0-2: Foul Ball, location: 2F 0-2: Fly out, F6 (Line Drive, 6, EV 71.3 MPH)
|
|
Batting: LHB Greg Walker
|
0-0: Called Strike Rennie Stennett steals 2nd base 0-1: Ball 1-1: SINGLE (Line Drive, 8LS, EV 98.8 MPH) Rennie Stennett to third Runner from 3rd tries for Home, SAFE, throw by CF to home
|
|
Batting: RHB Mike C Brown
|
0-0: Called Strike Greg Walker steals 2nd base 0-1: Called Strike 0-2: SINGLE (Groundball, 6MS, EV 67.5 MPH) (infield hit) Greg Walker to third
|
|
Batting: SHB Ron Oester
|
0-0: Ball 1-0: Ball 2-0: Ball 3-0: Foul Ball, location: 2F 3-1: Foul Ball, location: 2F 3-2: Strikes out swinging
|
| Bottom of the 3rd over - 1 run, 2 hits, 0 errors, 2 left on base; San Francisco 0 - Pittsburgh 5 |
| TOP OF THE 4TH |
|
San Francisco Giants batting - Pitching for Pittsburgh Pirates : LHP Juan Agosto
|
|
Batting: LHB Keith Hernandez
|
0-0: SINGLE (Groundball, 25, EV 65.6 MPH) (infield hit)
|
|
Batting: RHB Phil Bailey
|
0-0: Foul Ball, location: 2F 0-1: Ball 1-1: Foul Ball, location: 2F 1-2: SINGLE (Groundball, 34S, EV 85.6 MPH) (infield hit) Keith Hernandez to second
|
|
Batting: RHB Don Slaught
|
0-0: Called Strike 0-1: Foul Ball, location: 2F 0-2: DOUBLE (Line Drive, 7LS, EV 105.6 MPH) Keith Hernandez scores Phil Bailey to third
|
|
Batting: RHB Kevin Howard
|
0-0: Called Strike 0-1: Ball 1-1: Fly out, F7 (Line Drive, 7, EV 101.9 MPH) Runner from 3rd tags up, SCORES, throw by LF
|
|
Batting: SHB Tyler O'Dell
|
0-0: Ball 1-0: Fly out, F7 (Flyball, 7, EV 90.6 MPH)
|
|
Batting: RHB Dickie Thon
|
0-0: Foul Ball, location: 2F 0-1: Ball 1-1: Foul Ball, location: 2F 1-2: Strikes out swinging
|
| Top of the 4th over - 2 runs, 3 hits, 0 errors, 1 left on base; San Francisco 2 - Pittsburgh 5 |
| BOTTOM OF THE 4TH |
|
Pittsburgh Pirates batting - Pitching for San Francisco Giants : RHP Dave Frost
|
|
Batting: LHB Terry Whitfield
|
0-0: Swinging Strike 0-1: Called Strike 0-2: Ball 1-2: Strikes out swinging
|
|
Batting: LHB Juan Agosto
|
0-0: Called Strike 0-1: Called Strike 0-2: Ball 1-2: Ball 2-2: Foul Ball, location: 2F 2-2: Strikes out swinging
|
|
Batting: RHB Dan Gladden
|
0-0: Called Strike 0-1: Called Strike 0-2: Ball 1-2: SINGLE (Groundball, P, EV 84.4 MPH) (infield hit)
|
|
Batting: SHB Chili Davis
|
0-0: Called Strike 0-1: Ball 1-1: Ball 2-1: Called Strike 2-2: Ball 3-2: Base on Balls Dan Gladden to second
|
|
Batting: RHB Rennie Stennett
|
0-0: Ball 1-0: Fly out, F3 (Popup, 3SF, EV 76.9 MPH)
|
| Bottom of the 4th over - 0 runs, 1 hit, 0 errors, 2 left on base; San Francisco 2 - Pittsburgh 5 |
| TOP OF THE 5TH |
|
San Francisco Giants batting - Pitching for Pittsburgh Pirates : LHP Juan Agosto
|
|
Batting: RHB Dave Frost
|
0-0: Ball 1-0: Called Strike 1-1: Called Strike 1-2: Ball 2-2: Foul Ball, location: 2F 2-2: Foul Ball, location: 2F 2-2: Foul Ball, location: 2F 2-2: Strikes out swinging
|
|
Batting: LHB Kevin Christensen
|
0-0: Ground out 6-3 (Groundball, 6M, EV 82.5 MPH)
|
|
Batting: LHB Ken Griffey Sr
|
0-0: Foul Ball, location: 2F 0-1: Ball 1-1: Called Strike 1-2: Fly out, F7 (Line Drive, 7, EV 110.0 MPH)
|
| Top of the 5th over - 0 runs, 0 hits, 0 errors, 0 left on base; San Francisco 2 - Pittsburgh 5 |
| BOTTOM OF THE 5TH |
|
Pittsburgh Pirates batting - Pitching for San Francisco Giants : RHP Dave Frost
|
|
Batting: LHB Robert Lopez
|
0-0: Ball 1-0: Foul Ball, location: 2F 1-1: Ball 2-1: Ground out 5-3 (Groundball, 56S, EV 83.1 MPH)
|
|
Batting: LHB Greg Walker
|
0-0: Foul Ball, location: 2F 0-1: Ground out 4-3 (Groundball, 34, EV 85.6 MPH)
|
|
Batting: RHB Mike C Brown
|
0-0: Ball 1-0: Called Strike 1-1: Fly out, F7 (Flyball, 7D, EV 100.0 MPH)
|
| Bottom of the 5th over - 0 runs, 0 hits, 0 errors, 0 left on base; San Francisco 2 - Pittsburgh 5 |
| TOP OF THE 6TH |
|
San Francisco Giants batting - Pitching for Pittsburgh Pirates : LHP Juan Agosto
|
|
Batting: LHB Keith Hernandez
|
0-0: Ball 1-0: Ball 2-0: Called Strike 2-1: Ball 3-1: SINGLE (Line Drive, 56, EV 96.3 MPH)
|
|
Batting: RHB Phil Bailey
|
0-0: Called Strike 0-1: Ball 1-1: Called Strike 1-2: Ball 2-2: Ball 3-2: Strikes out swinging
|
|
Batting: RHB Don Slaught
|
0-0: Fly out, F9 (Line Drive, 9, EV 88.1 MPH)
|
|
Batting: RHB Kevin Howard
|
0-0: Ball 1-0: Foul Ball, location: 2F 1-1: Swinging Strike 1-2: Strikes out swinging
|
| Top of the 6th over - 0 runs, 1 hit, 0 errors, 1 left on base; San Francisco 2 - Pittsburgh 5 |
| BOTTOM OF THE 6TH |
|
Pittsburgh Pirates batting - Pitching for San Francisco Giants : RHP Dave Frost
|
|
Batting: SHB Ron Oester
|
0-0: Ball 1-0: Ball 2-0: Ball 3-0: Base on Balls
|
|
Batting: LHB Terry Whitfield
|
0-0: Called Strike 0-1: Called Strike 0-2: Foul Ball, location: 2F 0-2: Foul Ball, location: 2F 0-2: Ball 1-2: Strikes out looking
|
|
Batting: LHB Juan Agosto
|
0-0: Ball 1-0: Sac Bunt to 25 - play at first, batter OUT! 5-4 Ron Oester to second
|
|
Batting: RHB Dan Gladden
|
0-0: Ground out 6-3 (Groundball, 6, EV 83.8 MPH)
|
| Bottom of the 6th over - 0 runs, 0 hits, 0 errors, 1 left on base; San Francisco 2 - Pittsburgh 5 |
| TOP OF THE 7TH |
|
San Francisco Giants batting - Pitching for Pittsburgh Pirates : LHP Juan Agosto
|
|
Batting: SHB Tyler O'Dell
|
0-0: Swinging Strike 0-1: Foul Ball, location: 2F 0-2: Ball 1-2: Foul Ball, location: 2F 1-2: Ball 2-2: Foul Ball, location: 2F 2-2: Foul Ball, location: 2F 2-2: Fly out, F8 (Line Drive, 8LD, EV 108.8 MPH)
|
|
Batting: RHB Dickie Thon
|
0-0: Fly out, F8 (Line Drive, 8RM, EV 99.4 MPH)
|
|
Pinch Hitting: SHB Larry Reynolds
|
0-0: Ball 1-0: Called Strike 1-1: Foul Ball, location: 2F 1-2: Fly out, F8 (Line Drive, 8RD, EV 83.1 MPH)
|
| Top of the 7th over - 0 runs, 0 hits, 0 errors, 0 left on base; San Francisco 2 - Pittsburgh 5 |
| BOTTOM OF THE 7TH |
|
Pittsburgh Pirates batting - Pitching for San Francisco Giants : RHP Dave Frost
|
|
Pitching: RHP Dave Ford
|
|
|
Batting: SHB Chili Davis
|
0-0: Called Strike 0-1: Foul Ball, location: 2F 0-2: Ball 1-2: Ball 2-2: Foul Ball, location: 2F 2-2: Ball 3-2: Foul Ball, location: 2F 3-2: Foul Ball, location: 2F 3-2: Ground out 4-3 (Groundball, 4M, EV 90.0 MPH)
|
|
Batting: RHB Rennie Stennett
|
0-0: Foul Ball, location: 2F 0-1: Swinging Strike 0-2: Foul Ball, location: 2F 0-2: Ball 1-2: SINGLE (Groundball, 56D, EV 96.3 MPH)
|
|
Batting: LHB Robert Lopez
|
0-0: Called Strike 0-1: Ball 1-1: Ball 2-1: Swinging Strike 2-2: Ball 3-2: Fly out, F6 (Popup, 6, EV 64.4 MPH)
|
|
Batting: LHB Greg Walker
|
0-0: Called Strike 0-1: Ball 1-1: Ball 2-1: Ball 3-1: Foul Ball, location: 2F 3-2: SINGLE (Flyball, 6MD, EV 87.5 MPH) Rennie Stennett to second Rennie Stennett to third
|
|
Batting: RHB Mike C Brown
|
0-0: Ball 1-0: Ball 2-0: Ball 3-0: Called Strike 3-1: Ground out 6-3 (Groundball, 6S, EV 76.3 MPH)
|
| Bottom of the 7th over - 0 runs, 2 hits, 0 errors, 2 left on base; San Francisco 2 - Pittsburgh 5 |
| TOP OF THE 8TH |
|
San Francisco Giants batting - Pitching for Pittsburgh Pirates : LHP Juan Agosto
|
|
Batting: LHB Kevin Christensen
|
0-0: SINGLE (Groundball, 4D, EV 97.5 MPH)
|
|
Batting: LHB Ken Griffey Sr
|
0-0: Ball 1-0: Called Strike 1-1: Ball 2-1: Called Strike 2-2: Ball 3-2: Base on Balls Kevin Christensen to second
|
|
Batting: LHB Keith Hernandez
|
0-0: Ball 1-0: DOUBLE (Groundball, 5L, EV 95.0 MPH) Kevin Christensen scores Ken Griffey Sr to third Runner from 3rd tries for Home, SAFE, throw by LF to trailing runner, SAFE at third!
|
|
Batting: RHB Phil Bailey
|
0-0: Ball 1-0: Called Strike 1-1: Foul Ball, location: 2F 1-2: Foul Ball, location: 2F 1-2: Ball 2-2: Ball 3-2: Strikes out looking
|
|
Batting: RHB Don Slaught
|
0-0: Called Strike 0-1: Foul Ball, location: 2F 0-2: Ball 1-2: Ball 2-2: Foul Ball, location: 2F 2-2: Ground out 5-3 (Groundball, 56, EV 83.8 MPH)
|
|
Pitching: RHP Mark Lemongello
|
|
|
Batting: RHB Kevin Howard
|
0-0: Ball 1-0: 2-RUN HOME RUN (Flyball, 89XD, EV 90.6 MPH), Distance : 424 ft
|
|
Batting: SHB Tyler O'Dell
|
0-0: Ball 1-0: Ball 2-0: Foul Ball, location: 2F 2-1: Foul Ball, location: 2F 2-2: Ball 3-2: Ground out 1-3 (Groundball, 13S, EV 72.5 MPH)
|
| Top of the 8th over - 4 runs, 3 hits, 0 errors, 0 left on base; San Francisco 6 - Pittsburgh 5 |
| BOTTOM OF THE 8TH |
|
Pittsburgh Pirates batting - Pitching for San Francisco Giants : RHP Dave Ford
|
|
Batting: SHB Ron Oester
|
0-0: Swinging Strike 0-1: Fly out, F8 (Line Drive, 8LM, EV 94.4 MPH)
|
|
Batting: LHB Terry Whitfield
|
0-0: Ball 1-0: SINGLE (Line Drive, 9S, EV 100.6 MPH)
|
|
Pinch Hitting: RHB William Max
|
0-0: Ball 1-0: Foul Ball, location: 2F 1-1: Swinging Strike 1-2: Ball 2-2: Fly out, F8 (Flyball, 89S, EV 89.4 MPH)
|
|
Batting: RHB Dan Gladden
|
0-0: Swinging Strike 0-1: Swinging Strike 0-2: Foul Ball, location: 2F 0-2: SINGLE (Line Drive, 9LS, EV 106.3 MPH) Terry Whitfield to second Runner from 2nd tries for 3rd, SAFE, throw by RF made to third
|
|
Pitching: RHP Ross Davis
|
|
|
Now at 3B: Billy L Smith
|
|
|
Batting: SHB Chili Davis
|
0-0: Ball 1-0: Called Strike 1-1: Foul Ball, location: 2F 1-2: Fly out, F7 (Flyball, 7LM, EV 83.1 MPH)
|
| Bottom of the 8th over - 0 runs, 2 hits, 0 errors, 2 left on base; San Francisco 6 - Pittsburgh 5 |
| TOP OF THE 9TH |
|
San Francisco Giants batting - Pitching for Pittsburgh Pirates : RHP Mark Lemongello
|
|
Pitching: RHP Robert Alexander
|
|
|
Batting: RHB Dickie Thon
|
0-0: Ball 1-0: Ball 2-0: SINGLE (Flyball, 8LS, EV 81.9 MPH)
|
|
Batting: RHB Billy L Smith
|
0-0: Called Strike 0-1: Ball 1-1: Ball 2-1: SINGLE (Groundball, 56D, EV 98.1 MPH) Dickie Thon to second
|
|
Batting: LHB Kevin Christensen
|
0-0: Ball 1-0: Sac Bunt to 2R - play at first, batter OUT! 2-4 Dickie Thon to third Billy L Smith to second
|
|
Batting: LHB Ken Griffey Sr
|
0-0: Foul Ball, location: 2F 0-1: Ball 1-1: Swinging Strike 1-2: Foul Ball, location: 2F 1-2: Ball 2-2: Foul Ball, location: 2F 2-2: Ball 3-2: Foul Ball, location: 2F 3-2: SINGLE (Groundball, 56D, EV 98.1 MPH) Dickie Thon scores Billy L Smith to third Runner from 3rd tries for Home, SAFE, throw by LF to home
|
|
Batting: LHB Keith Hernandez
|
0-0: Fly out, F8 (Flyball, 8RD, EV 85.0 MPH)
|
|
Batting: RHB Phil Bailey
|
0-0: Ball 1-0: Called Strike 1-1: SINGLE (Groundball, 6D, EV 96.3 MPH) Ken Griffey Sr to second Runner from 2nd tries for 3rd, SAFE, throw by CF made to third Phil Bailey to second
|
|
Batting: RHB Don Slaught
|
0-0: Swinging Strike 0-1: Called Strike 0-2: Strikes out looking
|
| Top of the 9th over - 2 runs, 4 hits, 0 errors, 2 left on base; San Francisco 8 - Pittsburgh 5 |
| BOTTOM OF THE 9TH |
|
Pittsburgh Pirates batting - Pitching for San Francisco Giants : RHP Ross Davis
|
|
Now in CF: Doug Frobel
|
|
|
Batting: RHB Rennie Stennett
|
0-0: Called Strike 0-1: Fly out, F8 (Flyball, 8LD, EV 100.6 MPH)
|
|
Batting: LHB Robert Lopez
|
0-0: Ball 1-0: Called Strike 1-1: Ball 2-1: SINGLE (Groundball, 4D, EV 106.9 MPH)
|
|
Batting: LHB Greg Walker
|
0-0: Ball 1-0: SINGLE (Groundball, 4MD, EV 104.4 MPH) Robert Lopez to second
|
|
Batting: RHB Mike C Brown
|
0-0: Called Strike 0-1: Called Strike 0-2: Fly out, F8 (Flyball, 8RS, EV 89.4 MPH)
|
|
Batting: SHB Ron Oester
|
0-0: Called Strike 0-1: Ball 1-1: Ball 2-1: Ball 3-1: Fly out, F6 (Popup, 6, EV 61.3 MPH)
|
| Bottom of the 9th over - 0 runs, 2 hits, 0 errors, 2 left on base; San Francisco 8 - Pittsburgh 5 |
|